 Dungeon Crawl Stone Soup version 0.28.0-1-gb440e238dd (webtiles) character file.

Game seed: 1683514757919080929

535 Morbidden the Ruffian (level 7, 20/54 HPs)
             Began as a Demonspawn Fighter on Feb 20, 2022.
             Quit the game on level 4 of the Dungeon.
             The game lasted 00:03:32 (4043 turns).

Morbidden the Ruffian (Demonspawn Fighter)          Turns: 4043, Time: 00:03:32

Health: 20/54      AC: 11    Str: 18    XL:     7   Next: 4%
Magic:  7/7        EV: 10    Int: 10    God:
Gold:   77         SH:  0    Dex: 12    Spells: 6/6 levels left

rFire   . . .      SeeInvis .     - Unarmed
rCold   . . .      Faith    .   (no shield)
rNeg    . . .      Spirit   .   b - +0 scale mail
rPois   .          Reflect  .   (helmet restricted)
rElec   .          Harm     .   l - scarf {repulsion}
rCorr   .          Rampage  .   (no gloves)
Will    .....                   (no boots)
Stlth   ..........              (no amulet)
HPRegen 0.18/turn               a - +4 ring of protection
MPRegen 0.10/turn               (no ring)

@: on berserk cooldown, slowed, repel missiles, very slow
A: antennae 1, claws 1, hooves 2, powered by death 1
a: no special abilities


You were on level 4 of the Dungeon.
You visited 1 branch of the dungeon, and saw 4 of its levels.

You collected 77 gold pieces.

Inventory:

Missiles
 f - 4 boomerangs (quivered)
 q - 6 javelins
Armour
 b - a +0 scale mail (worn)
 l - a scarf of repulsion (worn)
Jewellery
 a - a +4 ring of protection (left claw)
 n - the amulet of Dodaf {rElec rN+ Regen+ Str+3}
   (You found it on level 3 of the Dungeon)

   [amulet of regeneration]

   Str:       It affects your strength (+3).
   rElec:     It insulates you from electricity.
   rN:        It protects you from negative energy.
   Regen:     It increases your rate of health regeneration.
Wands
 i - a wand of digging (1)
Scrolls
 e - 5 scrolls of identify {unknown}
 g - 6 scrolls of noise {unknown}
 j - 5 scrolls of amnesia {unknown}
 m - a scroll of teleportation {unknown}
 o - a scroll of fog {unknown}
 p - a scroll of magic mapping {unknown}
Potions
 d - a potion of might
 h - a potion of lignification
 k - a potion of curing {unknown}
 r - 2 potions of magic {unknown}


   Skills:
 * Level 4.2 Fighting
 + Level 1.9 Axes
 + Level 4.1 Armour
 + Level 1.3 Dodging
 + Level 0.5 Stealth
 + Level 2.9 Shields
 * Level 4.6 Unarmed Combat


You had 6 spell levels left.
You didn't know any spells.
Your spell library contained the following spells:

 Spells                   Type           Power      Damage    Failure   Level
 Apportation              Tloc           0%         N/A       75%         1
 Alistair's Intoxication  Tmut/Pois      0%         N/A       100%        5


Dungeon Overview and Level Annotations

Branches:
Dungeon (4/15)             Temple (0/1) D:4

Altars:
Sif Muna

Shops:
D:2 *


Innate Abilities, Weirdness & Mutations

You have a pair of small antennae on your head.
You have sharp fingernails.
You have hoof-like feet.
You regenerate a little health from kills.


Message History

A red film seems to cover your vision as you go berserk!
You feel yourself moving faster!
You feel mighty!
A hobgoblin comes into view.
Menkaure mumbles some strange words.
Menkaure seems to speed up.
Unknown command.
The hobgoblin shouts!
You scratch Menkaure. You kick Menkaure.
Menkaure is heavily damaged.
Menkaure hits you!!
* * * LOW HITPOINT WARNING * * *
Unknown command.
You scratch Menkaure but do no damage. You kick Menkaure!
You destroy Menkaure!
Your Armour skill increases to level 4!
You have reached level 7!
Your demonic ancestry asserts itself...
A pair of antennae grows on your head!
Unknown command.
You are too injured to fight recklessly!
You are too injured to fight recklessly!
You are too injured to fight recklessly!
Found a book of Party Tricks and a whip.
Found a staircase to the Ecumenical Temple.
The hobgoblin hits you but does no damage.
You claw the hobgoblin!
You kill the hobgoblin!
Things that are here:
a scroll labelled RION CYNNA; a hobgoblin corpse You claw the hobgoblin!
You kill the hobgoblin!
You see here a hobgoblin corpse.
You feel a strong urge to attack something.
You now have 77 gold pieces (gained 16).
You are no longer berserk.
You are exhausted.
You feel yourself slow down.
You pick up a book of Party Tricks and begin reading...
You add the spells Apportation and Alistair's Intoxication to your library.
Are you sure you want to abandon this character and quit the game? (Confirm with "yes".)

#....... #..#
#...... #..#
#...... #..#
...... #..#
###..####..#
##..........######
#......?†..$......
#..##.##..>.######
#..##@.)#
#..####.# #...#
#+## #.#.# ...#
##.#.##...#
#.....+...+
####..#...#
##.#...# #..#+#


There were no monsters in sight!

Vanquished Creatures
  Grinder (D:3)
  Menkaure (D:4)
  A black bear (D:3)
  An iguana (D:4)
  3 adders
  3 worms (D:2)
  2 orcs
  12 ball pythons
  6 bats
  4 endoplasms
  7 hobgoblins
  4 jackals (D:1)
  3 quokkas (D:2)
  2 frilled lizards
  9 goblins
  6 kobolds
  4 rats
69 creatures vanquished.

Notes
Turn   | Place    | Note
-------+----------+-------------------------------------------
     0 | D:1      | Morbidden the Demonspawn Fighter began the quest for the
                  | Orb.
     0 | D:1      | Reached XP level 1. HP: 18/18 MP: 1/1
   110 | D:1      | Discovered your monstrous ancestry.
   110 | D:1      | Gained mutation: You have large cloven feet. [demonic
                  | ancestry]
   110 | D:1      | Reached XP level 2. HP: 2/24 MP: 2/2
  1213 | D:2      | Gained mutation: You regenerate a little health from kills.
                  | [demonic ancestry]
  1213 | D:2      | Reached XP level 3. HP: 24/29 MP: 3/3
  1303 | D:2      | Reached skill level 1 in Unarmed Combat
  2258 | D:2      | Gained mutation: You have sharp fingernails. [demonic
                  | ancestry]
  2258 | D:2      | Reached XP level 4. HP: 21/35 MP: 4/4
  2665 | D:2      | Found Keybah's General Store.
  2861 | D:3      | Identified the amulet of Dodaf {rElec rN+ Regen+ Str+3}
  3164 | D:3      | Found a faded altar of an unknown god.
  3294 | D:3      | Noticed Grinder
  3332 | D:3      | Killed Grinder
  3333 | D:3      | Reached skill level 1 in Dodging
  3333 | D:3      | Gained mutation: You have hoof-like feet. [demonic
                  | ancestry]
  3333 | D:3      | Reached XP level 5. HP: 42/42 MP: 5/5
  3333 | D:3      | Reached XP level 6. HP: 48/48 MP: 6/6
  3597 | D:3      | Found a shimmering blue altar of Sif Muna.
  4026 | D:4      | Noticed Menkaure
  4031 | D:4      | Killed Menkaure
  4032 | D:4      | Gained mutation: You have a pair of small antennae on your
                  | head. [demonic ancestry]
  4032 | D:4      | Reached XP level 7. HP: 20/54 MP: 7/7
  4032 | D:4      | Found a staircase to the Ecumenical Temple.
  4043 | D:4      | Quit the game

Illustrated notes

Levels and vault maps discovered:
D:1:      dpeg_arrival_tiny_j, layout_rooms
D:2:      layout_basic, serial_shops, shop_statue, minivault_25,
          minmay_close_crescents
D:3:      layout_loops_corners, nicolae_sif_muna_condensation,
          hellmonk_ecumenical_altar_run_dry, uniq_grinder
D:4:      layout_basic, minmay_temple_entry_offerings, minmay_divided_ellipse,
          uniq_menkaure

Skill      XL: |  1  2  3  4  5  6 |
---------------+-------------------+-----
Armour         | 3 4 |  4.1
Unarmed Combat | 1 3 4 |  4.6
Fighting       | 4 |  4.2
Dodging        | 1 |  1.3
Axes           | |  1.9
Stealth        | |  0.5
Shields        | |  2.9

Action                   |  1- 3 |  4- 6 |  7- 9 || total
-------------------------+-------+-------+-------++-------
Melee: War axe           |    14 |       |       ||    14
       Unarmed           |   180 |    70 |     2 ||   252
       Kick              |    50 |    14 |       ||    64
       Punch             |     2 |     1 |       ||     3
Throw: Boomerang         |       |     3 |       ||     3
  Use: Potion            |       |     4 |       ||     4
Armor: Scale mail        |   115 |    32 |     1 ||   148
       Skin              |       |     2 |       ||     2
Dodge: Dodged            |   109 |    33 |       ||   142
Block: Buckler           |     3 |       |       ||     3
